 Dungeon Crawl Stone Soup version 0.28-a0-197-g74814aa22a (webtiles) character file.

Game seed: 2035506064879820485

11 Arne the Gusty (level 2, -1/15 HPs)
             Began as a Tengu Air Elementalist on Aug 19, 2021.
             Frozen to death by an endoplasm (5 damage)
             ... on level 1 of the Dungeon.
             The game lasted 00:03:02 (256 turns).

Arne the Gusty (Tengu Air Elementalist)              Turns: 256, Time: 00:03:02

Health: -1/15      AC:  2    Str:  8    XL:     2   Next: 29%
Magic:  2/6        EV: 11    Int: 15    God:
Gold:   18         SH:  3    Dex: 14    Spells: 4/5 levels left

rFire   . . .      SeeInvis .   c - +0 dagger
rCold   . . .      Faith    .   e - +0 buckler
rNeg    . . .      Spirit   .   a - +0 robe
rPois   .          Reflect  .   (helmet restricted)
rElec   .          Harm     .   (no cloak)
rCorr   .          Rampage  .   (no gloves)
Will    .....                   (boots unavailable)
Stlth   ++........              (no amulet)
HPRegen 0.05/turn               (no ring)
MPRegen 0.10/turn               (no ring)

@: no status effects
A: beak, talons 3
a: no special abilities


You were on level 1 of the Dungeon.
You visited 1 branch of the dungeon, and saw 1 of its levels.

You collected 18 gold pieces.

Inventory:

Hand Weapons
 c - a +0 dagger (weapon)
Armour
 a - a +0 robe (worn)
 e - a +0 buckler (worn)
Scrolls
 d - a scroll of amnesia {unknown}
Potions
 b - a potion of haste {unknown}
 f - a potion of cancellation {unknown}


   Skills:
 + Level 2.2 Dodging
 + Level 2.1 Stealth
 + Level 2.2 Spellcasting
 + Level 1.4 Conjurations
 + Level 4.5 Air Magic


You had 4 spell levels left.
You knew the following spells:

 Your Spells              Type           Power      Damage    Failure   Level
a - Shock                 Conj/Air       40%        1d5       11%         1

Your spell library contained the following spells:

 Spells                   Type           Power      Damage    Failure   Level
 Static Discharge         Conj/Air       10%        N/A       16%         2
 Swiftness                Air            15%        N/A       17%         3
 Airstrike                Air            7%         N/A       50%         4


Dungeon Overview and Level Annotations

Branches:
Dungeon (1/15)

Altars:


Innate Abilities, Weirdness & Mutations

You have a beak for a mouth.
You have claws for feet.


Message History

Confirm with . or Enter, or press ? or * to list all spells.
Aiming: Shock (safe; 11% risk of failure)
Press: ? - help, Shift-Dir - straight line, f/p - bat
Aim: a bat (52% to hit)
The zap hits the bat.
The bat is moderately wounded.
You block the bat's attack.
Casting: Shock (safe; 11% risk of failure)
Confirm with . or Enter, or press ? or * to list all spells.
Aiming: Shock (safe; 11% risk of failure)
Press: ? - help, Shift-Dir - straight line, f/p - bat
Aim: a bat (moderately wounded, 52% to hit)
The zap misses the bat.
The bat hits you but does no damage.
Casting: Shock (safe; 11% risk of failure)
Confirm with . or Enter, or press ? or * to list all spells.
Aiming: Shock (safe; 11% risk of failure)
Press: ? - help, Shift-Dir - straight line, f/p - bat
Aim: a bat (moderately wounded, 52% to hit)
The zap misses the bat.
The bat closely misses you.
A bat comes into view.
The bat hits you but does no damage.
You closely miss the bat.
The bat is moderately wounded.
The bat hits you but does no damage.
You hit the bat.
You kill the bat!
Your magical contamination has completely faded away.
An endoplasm comes into view.
The helpless bat fails to defend itself.
You puncture the bat!
You kill the bat!
The endoplasm quivers.
You hit the endoplasm. Your peck misses the endoplasm.
The endoplasm is lightly wounded.
The endoplasm hits you but does no damage.
You hit the endoplasm.
The endoplasm is moderately wounded.
The endoplasm freezes you.
You are frozen.
You die...

#........###..####
##........##...#
######.....##.....#.#
#.....[.............####
#..........##.....###...
#..........##.....# #...
#..........##....## #...
#..........##....# ####
#.....J@...##....#
#############....#
######


You could see an endoplasm.

Vanquished Creatures
  An endoplasm (D:1)
  A hobgoblin (D:1)
  A ball python (D:1)
  4 bats (D:1)
  3 kobolds (D:1)
  A rat (D:1)
11 creatures vanquished.

Notes
Turn   | Place    | Note
-------+----------+-------------------------------------------
     0 | D:1      | Arne the Tengu Air Elementalist began the quest for the
                  | Orb.
     0 | D:1      | Reached XP level 1. HP: 10/10 MP: 4/4
   122 | D:1      | Reached XP level 2. HP: 3/15 MP: 1/6
   256 | D:1      | Frozen to death by an endoplasm

Illustrated notes

Levels and vault maps discovered:
D:1:      wander_arrival_estate, layout_rooms, shapermc_ecumenical_altar_petra

Action                   || total
-------------------------++-------
Melee: Unarmed           ||    13
       Kick              ||     1
       Peck              ||     1
       Dagger            ||     7
 Cast: Shock             ||    18
 Stab: Sleeping          ||     1
Armor: Robe              ||     9
Dodge: Dodged            ||    15
Block: Buckler           ||     2

Table legend: (Time is in decaauts)
 A = Elapsed time spent in this place.
 B = Non-inter-level travel time spent in this place.
 C = Inter-level travel time spent in this place.
 D = Time resting spent in this place.
 E = Time spent auto-exploring this place.
 F = Levels seen in this place.
 G = Mean time per level.
                   A        B        C        D        E       F      G
               +--------+--------+--------+--------+--------+-----+--------+
         Total |    256 |    256 |      0 |      0 |      0 |   1 |  256.0 |
       Dungeon |    256 |    256 |      0 |      0 |      0 |   1 |  256.0 |
               +--------+--------+--------+--------+--------+-----+--------+

Top non-repeatable levels by time:
     D:1: 256 daAuts
